 Dungeon Crawl Stone Soup version 0.24.0-2-g5b39cebb1c (webtiles) character file.

Game seed: 11559698896218889900, levelgen mode: deterministic

641 MTVSty1e the Cleaver (level 7, -3/56 HPs)
             Began as a Minotaur Gladiator on Oct 29, 2019.
             Killed from afar by an ogre (33 damage)
             ... with an exploding inner flame
             ... hexed by the player character
             ... on level 5 of the Dungeon.
             The game lasted 00:04:13 (3515 turns).

MTVSty1e the Cleaver (Minotaur Gladiator)           Turns: 3515, Time: 00:04:14

Health: -3/56      AC:  4    Str: 21    XL:     7   Next: 26%
Magic:  6/6        EV: 12    Int:  5    God:
Gold:   207        SH:  0    Dex: 11    Spells: 6/6 levels left

rFire    . . .     SeeInvis .   a - +0 war axe
rCold    . . .     Gourm    +   (no shield)
rNeg     . . .     Faith    .   b - +0 leather armour
rPois    .         Spirit   .   c - +0 hat
rElec    .         Reflect  .   (no cloak)
rCorr    .         Harm     .   l - +0 pair of gloves
MR       .....                  (no boots)
Stlth    +.........             d - amulet of the gourmand
HPRegen  0.18/turn              (no ring)
MPRegen  0.10/turn              (no ring)

@: no status effects
A: retaliatory headbutt, horns 2
a: no special abilities


You were on level 5 of the Dungeon.
You were full.

You visited 1 branch of the dungeon, and saw 5 of its levels.

You collected 207 gold pieces.

Inventory:

Hand Weapons
 a - a +0 war axe (weapon)
Armour
 b - a +0 leather armour (worn)
 c - a +0 hat (worn)
 l - a +0 pair of gloves (worn)
Jewellery
 d - an amulet of the gourmand (around neck)
Wands
 m - a wand of random effects (12)
Scrolls
 e - 3 scrolls of identify
 g - 2 scrolls of noise
 h - 4 scrolls of remove curse
 k - a scroll of teleportation
Potions
 i - 2 potions of heal wounds
 j - a potion of brilliance {unknown}
 p - a potion of haste
 q - 6 potions of curing
 r - a potion of berserk rage {unknown}
 s - a potion of flight {unknown}
Comestibles
 f - 11 rations


   Skills:
 - Level 2.4 Fighting
 + Level 10.1 Axes
 - Level 2.0 Throwing
 - Level 3.2 Dodging


You had 6 spell levels left.
You didn't know any spells.
Your spell library was empty.

Dungeon Overview and Level Annotations

Branches:
Dungeon (5/15)
 Temple: D:4-7

Altars:
Ashenzari
Fedhas
Okawaru
Uskayaw
Zin

Shops:
D:4 (


Innate Abilities, Weirdness & Mutations

You reflexively headbutt those who attack you in melee.
You have a pair of horns on your head.


Message History

Aiming: Random Effects
Press: ? - help, Shift-Dir - straight line, f - ogre
Aim: an ogre, wielding a +0 giant club (fleeing, inner flame)
The puff of flame hits the ogre!
The ogre is moderately wounded.
Your attack snaps the ogre out of its fear.
The ogre barely misses you.
You hit the ogre.
The ogre is moderately wounded.
The ogre closely misses you.
You slash the ogre!
The ogre is almost dead.
You hit the ogre.
The ogre is almost dead.
The ogre hits you with a +0 giant club!
You slash the ogre!
The ogre explodes!
The fiery explosion engulfs you!!
Ouch! That really hurt!
You die...

<#..# #.....
....(#
##...#.# #
###.......
##.
##.......
#..§#§.#..#
#§.@...#
.....[§#.###
......##.#
...### ..#
#. .### . #.
#


There were no monsters in sight!

Vanquished Creatures
  Sigmund (D:4)
  A centaur (D:4)
  6 orc priests (D:4)
  2 worker ants (D:4)
  6 gnolls (D:2)
  2 adders (D:3)
  An ooze (D:3)
  2 dart slugs
  3 leopard geckos
  9 orcs (D:4)
  8 bats
  9 giant cockroaches
  6 goblins
  5 hobgoblins
  6 jackals
  2 quokkas
  4 ball pythons
  7 frilled lizards
  A jackal skeleton (D:4)
  6 kobolds
  7 rats
94 creatures vanquished.

Notes
Turn   | Place    | Note
-------+----------+-------------------------------------------
     0 | D:1      | MTVSty1e the Minotaur Gladiator began the quest for the
                  | Orb.
     0 | D:1      | Reached XP level 1. HP: 18/18 MP: 0/0
    30 | D:1      | Reached skill level 4 in Axes
   116 | D:1      | Reached XP level 2. HP: 25/25 MP: 1/1
   464 | D:1      | Reached skill level 5 in Axes
   721 | D:2      | Reached XP level 3. HP: 30/30 MP: 2/2
   921 | D:2      | Found a hide-covered altar of Uskayaw.
   921 | D:2      | Found a blossoming altar of Fedhas.
   921 | D:2      | Found a glowing silver altar of Zin.
   958 | D:2      | Found an iron altar of Okawaru.
  1001 | D:2      | Reached skill level 6 in Axes
  1001 | D:2      | Reached XP level 4. HP: 35/37 MP: 3/3
  1611 | D:3      | Reached XP level 5. HP: 42/42 MP: 4/4
  1765 | D:3      | Reached skill level 7 in Axes
  1884 | D:3      | Found a shattered altar of Ashenzari.
  1888 | D:3      | Saw a vision of the Shoals and the Snake Pit.
  1888 | D:3      | Noticed a naga mage
  1888 | D:3      | Noticed a naga warrior
  1888 | D:3      | Noticed a naga
  1888 | D:3      | Noticed a naga mage
  1888 | D:3      | Noticed a naga
  1888 | D:3      | Noticed a naga ritualist
  1888 | D:3      | Noticed a black mamba
  1888 | D:3      | Noticed a hippogriff
  1888 | D:3      | Noticed a hippogriff
  1888 | D:3      | Noticed a merfolk siren
  1888 | D:3      | Noticed a hippogriff
  1888 | D:3      | Noticed a naga
  1888 | D:3      | Noticed a hippogriff
  1888 | D:3      | Noticed a black mamba
  1889 | D:3      | Noticed a merfolk
  1890 | D:3      | Noticed a black mamba
  2350 | D:4      | Reached skill level 8 in Axes
  2708 | D:4      | Noticed Sigmund
  2720 | D:4      | Killed Sigmund
  2720 | D:4      | Reached skill level 9 in Axes
  2720 | D:4      | Reached XP level 6. HP: 21/50 MP: 5/5
  2989 | D:4      | Reached XP level 7. HP: 31/56 MP: 6/6
  3150 | D:4      | Found Xonatoim's Weapon Boutique.
  3418 | D:4      | Reached skill level 10 in Axes
  3494 | D:5      | Entered Level 5 of the Dungeon
  3515 | D:5      | Killed from afar by an ogre

Levels and vault maps discovered:
D:1:      sevenhm_arrival_forest_fort_small_3, layout_loops_cross
D:2:      layout_loops_ring, nicolae_overflow_crystal_walls,
          gammafunk_temple_overflow_forgotten
D:3:      layout_loops_ring, grunt_ashenzari_visionary
          [grunt_ashenzari_visionary_shoals, grunt_ashenzari_visionary_snake]
D:4:      layout_loops_ring, serial_shops, kennysheep_little_box, first_ration,
          minmay_circle_x, uniq_sigmund
D:5:      layout_rooms, nicolae_ossuary_entry_plus, portal_sewer_entry_c,
          st_stairs_4, minmay_divided_ellipse, uniq_grinder

Skill      XL: |  1  2  3  4  5  6  7 |
---------------+----------------------+-----
Axes           | 4 5 6 9 10 | 10.1
Fighting       | |  2.4
Throwing       | |  2.0
Dodging        | |  3.2

Action                   |  1- 3 |  4- 6 |  7- 9 || total
-------------------------+-------+-------+-------++-------
Melee: War axe           |    72 |   119 |    22 ||   213
       Headbutt          |     8 |    21 |     2 ||    31
Evoke: Wand              |       |       |     1 ||     1
  Use: Potion            |     1 |     1 |       ||     2
       Scroll            |       |       |     7 ||     7
  Eat: Ration            |       |     1 |       ||     1
       Chunk             |       |    10 |       ||    10
Armor: Leather armour    |    27 |    31 |     2 ||    60
Dodge: Dodged            |    62 |    63 |    18 ||   143
